[ AOE2 MATCH · #506516811 ]
UnrankedMongols vs Mongols
Player's team · WIN
Rival team · LOSS
[ REPLAY ANALYSIS · EXTRACTED FROM THE RECORDED GAME ]
Feudal
8:26
Castle
23:48
Imperial
61:04
| APM avg | 72.6 |
| APM peak | 105 |
| eAPM avg | 31.8 |
| Villagers / military | 273 / 236 |
Focus
⚔️ 40.9% · 🌾 59.1%
Mangudai ×113 · Scout Cavalry ×48 · Skirmisher ×33 · Archer ×9 · Mangonel ×9 · Monk ×7
Feudal
9:16
Castle
23:33
Imperial
54:28
| APM avg | 47.9 |
| APM peak | 74 |
| eAPM avg | 24.0 |
| Villagers / military | 235 / 288 |
Focus
⚔️ 44.9% · 🌾 55.1%
Skirmisher ×107 · Cavalry Archer ×65 · Scout Cavalry ×46 · Knight ×19 · Battering Ram ×15 · Mangudai ×13
Match map
Initial resources + every placement click. Lines = walls · curves = elevation contours. ◆ gold · ⬟ stone · ● berries · ✦ relic · ◌ wall gap
Your base· Open — 3t gap
xingxing's base· Open — 2t gap
Smoothed initial terrain · ◌ = detected wall gap · hover for details
Inputs per minute
— Gabi - - xingxing
Build order — Gabi
First 150 of 777 actions detected
| 0:01 | Create | Villager (Male) |
| 0:01 | Create | Villager (Male) |
| 0:02 | Build | House |
| 0:05 | Build | House |
| 0:18 | Create | Villager (Male) |
| 0:25 | Create | Villager (Male) |
| 1:27 | Create | Villager (Male) |
| 1:45 | Build | Lumber Camp |
| 2:04 | Create | Villager (Male) |
| 2:24 | Create | Villager (Male) |
| 2:36 | Create | Villager (Male) |
| 2:48 | Create | Villager (Male) |
| 3:01 | Create | Villager (Male) |
| 3:32 | Create | Villager (Male) |
| 3:49 | Build | House |
| 3:59 | Create | Villager (Male) |
| 4:21 | Create | Villager (Male) |
| 4:34 | Create | Villager (Male) |
| 5:01 | Research | Loom |
| 5:03 | Build | Barracks |
| 5:58 | Research | Feudal Age |
| 6:14 | Build | Mining Camp |
| 6:22 | Build | House |
| 6:39 | Create | Militia |
| 6:39 | Create | Militia |
| 7:09 | Create | Militia |
| 8:18 | Create | Villager (Male) |
| 8:26 | Age | Feudal Age |
| 8:29 | Research | Man-at-Arms (upgrade) |
| 8:36 | Build | Archery Range |
| 8:48 | Create | Villager (Male) |
| 8:54 | Build | House |
| 9:07 | Research | Double-Bit Axe |
| 9:23 | Create | Villager (Male) |
| 9:27 | Create | Archer |
| 9:32 | Create | Archer |
| 9:34 | Build | Palisade Wall |
| 9:35 | Build | Palisade Wall |
| 9:39 | Create | Villager (Male) |
| 10:02 | Build | Mill |
| 10:04 | Create | Villager (Male) |
| 10:22 | Create | Skirmisher |
| 10:42 | Build | Watch Tower |
| 10:52 | Create | Skirmisher |
| 10:57 | Create | Villager (Male) |
| 11:07 | Build | House |
| 11:25 | Create | Skirmisher |
| 11:28 | Create | Villager (Male) |
| 11:41 | Build | House |
| 11:51 | Build | Palisade Wall |
| 11:51 | Build | Palisade Wall |
| 11:52 | Build | Palisade Wall |
| 11:53 | Build | Palisade Wall |
| 11:54 | Build | Palisade Wall |
| 11:58 | Create | Villager (Male) |
| 11:59 | Create | Skirmisher |
| 12:07 | Build | Farm |
| 12:09 | Create | Villager (Male) |
| 12:17 | Create | Villager (Male) |
| 12:30 | Create | Villager (Male) |
| 12:33 | Create | Skirmisher |
| 12:36 | Build | Farm |
| 12:45 | Create | Villager (Male) |
| 12:58 | Create | Villager (Male) |
| 13:00 | Build | Stable |
| 13:17 | Create | Villager (Male) |
| 13:28 | Create | Villager (Male) |
| 13:36 | Build | Farm |
| 13:44 | Create | Scout Cavalry |
| 13:45 | Create | Scout Cavalry |
| 13:56 | Build | Farm |
| 14:06 | Create | Scout Cavalry |
| 14:11 | Build | Mining Camp |
| 14:18 | Create | Villager (Male) |
| 14:20 | Create | Archer |
| 14:31 | Build | House |
| 14:44 | Create | Scout Cavalry |
| 14:48 | Build | Farm |
| 14:51 | Build | House |
| 14:56 | Create | Archer |
| 15:02 | Create | Villager (Male) |
| 15:03 | Build | Farm |
| 15:16 | Create | Villager (Male) |
| 15:29 | Create | Villager (Male) |
| 15:32 | Build | House |
| 15:37 | Create | Archer |
| 15:38 | Create | Scout Cavalry |
| 15:55 | Build | Farm |
| 15:57 | Build | Farm |
| 16:01 | Create | Villager (Male) |
| 16:23 | Create | Villager (Male) |
| 16:31 | Build | Farm |
| 16:32 | Build | Farm |
| 16:35 | Create | Archer |
| 16:45 | Create | Scout Cavalry |
| 16:46 | Create | Scout Cavalry |
| 16:50 | Build | Watch Tower |
| 16:55 | Create | Scout Cavalry |
| 17:19 | Create | Villager (Male) |
| 17:21 | Build | Blacksmith |
| 17:25 | Create | Archer |
| 17:25 | Create | Archer |
| 17:26 | Build | House |
| 17:38 | Create | Archer |
| 18:08 | Create | Villager (Male) |
| 18:10 | Build | Watch Tower |
| 18:15 | Build | Outpost |
| 18:27 | Create | Villager (Male) |
| 18:43 | Research | Fletching |
| 19:01 | Build | Farm |
| 19:03 | Build | Market |
| 19:14 | Create | Skirmisher |
| 19:24 | Build | Farm |
| 19:24 | Build | Farm |
| 19:26 | Build | House |
| 19:45 | Create | Villager (Male) |
| 19:55 | Build | Farm |
| 20:08 | Create | Villager (Male) |
| 20:30 | Create | Villager (Male) |
| 20:41 | Build | Mill |
| 20:52 | Build | Farm |
| 21:08 | Research | Castle Age |
| 21:13 | Create | Skirmisher |
| 21:14 | Create | Skirmisher |
| 21:28 | Create | Skirmisher |
| 21:29 | Create | Skirmisher |
| 21:56 | Research | Padded Archer Armor |
| 22:07 | Create | Scout Cavalry |
| 22:11 | Build | Lumber Camp |
| 22:19 | Create | Skirmisher |
| 22:22 | Build | Farm |
| 22:23 | Build | Farm |
| 22:27 | Build | Farm |
| 22:32 | Create | Skirmisher |
| 22:38 | Build | Farm |
| 22:39 | Build | Farm |
| 22:55 | Research | Forging |
| 23:18 | Create | Skirmisher |
| 23:32 | Create | Skirmisher |
| 23:48 | Age | Castle Age |
| 23:50 | Create | Villager (Male) |
| 23:52 | Build | Town Center |
| 23:55 | Research | Bodkin Arrow |
| 24:15 | Create | Villager (Male) |
| 24:25 | Research | Elite Skirmisher (upgrade) |
| 24:28 | Create | Villager (Male) |
| 24:39 | Research | Leather Archer Armor |
| 24:59 | Create | Villager (Male) |
| 25:02 | Build | Monastery |
| 25:06 | Create | Villager (Male) |
Build order — xingxing
First 150 of 698 actions detected
| 0:01 | Create | Villager (Male) |
| 0:02 | Create | Villager (Male) |
| 0:02 | Create | Villager (Male) |
| 0:03 | Build | House |
| 0:04 | Build | House |
| 0:41 | Create | Villager (Male) |
| 1:29 | Create | Villager (Male) |
| 1:49 | Build | Lumber Camp |
| 1:50 | Create | Villager (Male) |
| 2:14 | Create | Villager (Male) |
| 2:48 | Create | Villager (Male) |
| 2:48 | Create | Villager (Male) |
| 3:08 | Create | Villager (Male) |
| 3:27 | Build | House |
| 3:34 | Create | Villager (Male) |
| 4:00 | Create | Villager (Male) |
| 4:25 | Create | Villager (Male) |
| 4:37 | Create | Villager (Male) |
| 4:51 | Build | House |
| 5:03 | Create | Villager (Male) |
| 5:23 | Build | Barracks |
| 5:28 | Create | Villager (Male) |
| 6:03 | Create | Villager (Male) |
| 6:25 | Research | Loom |
| 7:05 | Research | Feudal Age |
| 7:30 | Create | Villager (Male) |
| 9:05 | Create | Villager (Male) |
| 9:06 | Create | Villager (Male) |
| 9:16 | Age | Feudal Age |
| 9:19 | Build | Archery Range |
| 9:21 | Research | Double-Bit Axe |
| 9:34 | Build | Blacksmith |
| 9:38 | Build | House |
| 9:59 | Create | Skirmisher |
| 10:00 | Create | Skirmisher |
| 10:11 | Create | Villager (Male) |
| 10:22 | Research | Fletching |
| 10:22 | Research | Fletching |
| 10:34 | Build | House |
| 10:39 | Create | Skirmisher |
| 10:42 | Create | Villager (Male) |
| 10:48 | Build | House |
| 11:02 | Create | Skirmisher |
| 11:02 | Research | Padded Archer Armor |
| 11:14 | Build | Mill |
| 11:22 | Create | Skirmisher |
| 11:35 | Create | Villager (Male) |
| 11:35 | Create | Villager (Male) |
| 11:35 | Create | Villager (Male) |
| 11:48 | Create | Villager (Male) |
| 11:50 | Build | Farm |
| 11:50 | Build | Farm |
| 11:53 | Build | Farm |
| 11:54 | Build | Farm |
| 11:57 | Build | Farm |
| 12:00 | Build | House |
| 12:04 | Create | Skirmisher |
| 12:04 | Create | Skirmisher |
| 12:12 | Create | Skirmisher |
| 12:32 | Create | Skirmisher |
| 12:34 | Build | Farm |
| 12:37 | Build | Farm |
| 12:40 | Build | Farm |
| 12:49 | Build | House |
| 13:35 | Create | Skirmisher |
| 13:51 | Create | Villager (Male) |
| 14:08 | Create | Spearman |
| 14:08 | Create | Spearman |
| 14:11 | Create | Villager (Male) |
| 14:12 | Create | Villager (Male) |
| 14:42 | Build | House |
| 14:43 | Create | Villager (Male) |
| 14:44 | Build | House |
| 14:45 | Build | House |
| 14:57 | Build | Farm |
| 15:13 | Build | Farm |
| 15:18 | Create | Spearman |
| 15:24 | Create | Skirmisher |
| 15:28 | Build | House |
| 15:37 | Create | Spearman |
| 15:51 | Create | Skirmisher |
| 15:59 | Build | Mill |
| 16:00 | Create | Villager (Male) |
| 16:08 | Create | Skirmisher |
| 16:21 | Build | Mining Camp |
| 16:32 | Build | House |
| 16:36 | Create | Villager (Male) |
| 16:36 | Create | Villager (Male) |
| 16:40 | Build | Lumber Camp |
| 16:46 | Build | Watch Tower |
| 17:01 | Build | Watch Tower |
| 17:09 | Create | Spearman |
| 17:10 | Create | Spearman |
| 17:28 | Create | Villager (Male) |
| 17:29 | Create | Villager (Male) |
| 17:29 | Create | Villager (Male) |
| 17:31 | Research | Horse Collar |
| 17:31 | Research | Horse Collar |
| 17:43 | Research | Scale Mail Armor |
| 17:53 | Create | Villager (Male) |
| 18:14 | Create | Archer |
| 18:47 | Create | Archer |
| 19:00 | Create | Villager (Male) |
| 19:00 | Create | Villager (Male) |
| 19:02 | Build | Market |
| 20:28 | Create | Villager (Male) |
| 20:41 | Build | Archery Range |
| 20:45 | Create | Archer |
| 20:50 | Research | Castle Age |
| 21:07 | Create | Archer |
| 21:07 | Create | Archer |
| 21:24 | Build | Palisade Wall |
| 21:37 | Build | House |
| 21:40 | Create | Archer |
| 21:41 | Create | Archer |
| 21:41 | Create | Archer |
| 21:41 | Create | Archer |
| 21:42 | Create | Skirmisher |
| 21:42 | Create | Skirmisher |
| 21:43 | Create | Spearman |
| 21:43 | Create | Spearman |
| 22:07 | Create | Archer |
| 22:13 | Build | Archery Range |
| 22:22 | Research | Gold Mining |
| 22:23 | Research | Gold Mining |
| 22:25 | Build | Farm |
| 22:45 | Build | Mining Camp |
| 23:32 | Create | Villager (Male) |
| 23:33 | Age | Castle Age |
| 23:37 | Create | Cavalry Archer |
| 23:37 | Create | Cavalry Archer |
| 23:38 | Create | Cavalry Archer |
| 23:39 | Research | Bodkin Arrow |
| 23:39 | Research | Bodkin Arrow |
| 23:43 | Create | Villager (Male) |
| 24:08 | Create | Villager (Male) |
| 24:12 | Build | University |
| 24:24 | Build | Stable |
| 24:30 | Create | Cavalry Archer |
| 24:31 | Create | Cavalry Archer |
| 24:31 | Create | Cavalry Archer |
| 24:32 | Research | Leather Archer Armor |
| 24:35 | Create | Villager (Male) |
| 24:38 | Build | Lumber Camp |
| 25:11 | Create | Villager (Male) |
| 25:21 | Research | Ballistics |
| 25:22 | Create | Cavalry Archer |
| 25:22 | Create | Cavalry Archer |
| 25:35 | Research | Bloodlines |
| 25:37 | Create | Villager (Male) |
Match timeline
| 5:03 | Gabi · first_building Barracks |
| 5:23 | xingxing · first_building Barracks |
| 8:26 | Gabi · age_up feudal |
| 8:36 | Gabi · first_building Archery Range |
| 9:16 | xingxing · age_up feudal |
| 9:19 | xingxing · first_building Archery Range |
| 9:34 | Gabi · wall_segment Palisade Wall x4 |
| 9:35 | Gabi · wall_segment Palisade Wall x1 |
| 11:51 | Gabi · wall_segment Palisade Wall x1 |
| 11:51 | Gabi · wall_segment Palisade Wall x1 |
| 11:52 | Gabi · wall_segment Palisade Wall x1 |
| 11:53 | Gabi · wall_segment Palisade Wall x1 |
| 11:54 | Gabi · wall_segment Palisade Wall x1 |
| 13:00 | Gabi · first_building Stable |
| 19:44 | Gabi · first_market_sell 100 wood |
| 20:39 | Gabi · first_market_buy 100 food |
| 20:48 | xingxing · first_market_buy 100 food |
| 20:49 | xingxing · first_market_sell 100 wood |
| 21:24 | xingxing · wall_segment Palisade Wall x1 |
| 23:33 | xingxing · age_up castle |
| 23:48 | Gabi · age_up castle |
| 24:24 | xingxing · first_building Stable |
| 25:02 | Gabi · first_building Monastery |
| 27:19 | Gabi · first_building Siege Workshop |
| 29:06 | xingxing · first_building Siege Workshop |
| 32:04 | Gabi · first_building Castle |
| 43:43 | xingxing · first_building Castle |
| 54:28 | xingxing · age_up imperial |
| 61:04 | Gabi · age_up imperial |
| 64:36 | xingxing · resign |
[ AI ANALYSIS · 1 CREDIT ]
What really happened in this match?
Wolo.gg analyzes every decision: build order, eco, micro, common mistakes by bracket. Personalized analysis on WhatsApp or Discord in 30 seconds.
Civ guide
Mongols
Perfil
Jugador #2444511